 Dungeon Crawl Stone Soup version 0.22.1-1-ga44c0e56f4 (webtiles) character file.

6255 Cykl0x the Cleaver (level 10, -1/64 HPs)
             Began as a Gargoyle Fighter on Nov 3, 2018.
             Was a High Priest of Okawaru.
             Slain by an orc warrior
             ... wielding a +0 halberd
              (27 damage)
             ... in a bailey.
             The game lasted 00:20:21 (7000 turns).

Cykl0x the Cleaver (Gargoyle Fighter)               Turns: 7000, Time: 00:20:22

Health: -1/64      AC: 27    Str: 22    XL:     10   Next: 93%
Magic:  10/10      EV:  6    Int:  8    God:    Okawaru [*****.]
Gold:   575        SH: 12    Dex: 11    Spells: 9/9 levels left

rFire    . . .     SeeInvis .   a - +0 war axe
rCold    . . .     Gourm    .   c - +1 shield
rNeg     + . .     Faith    .   v - +0 plate armour
rPois    ∞         Spirit   .   j - +0 helmet
rElec    +         Reflect  .   B - +0 cloak (curse)
rCorr    +         Harm     +   J - +0 pair of gloves
MR       .....                  E - +2 pair of boots
Stlth    ..........             u - amulet of harm
HPRegen  0.20/turn              m - +2 ring of slaying
MPRegen  0.12/turn              r - ring of resist corrosion

@: no status effects
A: negative energy resistance 1, electricity resistance, unbreathing,
petrification resistance, rot immunity, AC +7
a: Heroism, Finesse, Renounce Religion


You were in a bailey.
You worshipped Okawaru.
Okawaru was extremely pleased with you.
You were not hungry.

You visited 2 branches of the dungeon, and saw 10 of its levels.
You also visited: Bailey.

You collected 575 gold pieces.

Inventory:

Hand Weapons
 a - a +0 war axe (weapon)
 w - a +1 falchion of flaming
Missiles
 i - 297 stones
 o - 6 tomahawks (quivered)
 x - 3 silver tomahawks
Armour
 c - a +1 shield (worn)
 j - a +0 helmet (worn)
 v - a +0 plate armour (worn)
 B - a cursed +0 cloak (worn)
 E - a +2 pair of boots (worn)
 J - a +0 pair of gloves (worn)
Jewellery
 b - an uncursed ring of protection from cold
 m - a +2 ring of slaying (left hand)
 p - an uncursed amulet of faith
 r - a ring of resist corrosion (right hand)
 u - an amulet of harm (around neck)
 A - an uncursed amulet of guardian spirit
Wands
 h - a wand of random effects (19)
 q - a wand of clouds (13)
 y - a wand of flame (28)
 G - a wand of scattershot (4)
Scrolls
 k - 3 scrolls of remove curse
 n - 2 scrolls of magic mapping
 s - 3 scrolls of fear
 t - 2 scrolls of teleportation
 D - a scroll of blinking
 I - a scroll of fog
 K - 2 scrolls of identify
Potions
 d - 3 potions of might
 e - 4 potions of curing
 g - 3 potions of heal wounds
 l - 2 potions of lignification
 z - a potion of resistance
 C - a potion of magic
 F - a potion of haste
 H - 2 potions of cancellation {unknown}
Comestibles
 f - 15 rations


   Skills:
 + Level 8.2 Fighting
 + Level 10.2 Axes
 + Level 1.9 Throwing
 + Level 7.2 Armour
 + Level 1.2 Dodging
 + Level 1.1 Stealth
 + Level 8.4 Shields


You had 9 spell levels left.
You didn't know any spells.
Your spell library contained the following spells:

 Spells                   Type           Power        Failure   Level  Hunger
 Confusing Touch          Hex            #.....       100%        1    ##.....
 Confuse                  Hex            #.......     100%        3    ####...
 Gell's Gravitas          Tloc           #.........   100%        3    ####...
 Petrify                  Tmut/Erth      #.......     100%        4    #####..
 Metabolic Englaciation   Hex/Ice        #.........   100%        5    ######.
 Yara's Violent Unravell  Hex/Tmut       #.........   100%        5    ######.


Dungeon Overview and Level Annotations

Branches:
Dungeon (9/15)             Temple (1/1) D:5
   Lair: D:8-11         Orc: D:9-12

Altars:
Ashenzari
Cheibriados
Dithmenos
Elyvilon
Fedhas
Gozag
Hepliaklqana
Kikubaaqudgha
Makhleb
Nemelex Xobeh
Okawaru
Qazlal
Ru
Sif Muna
Trog
Uskayaw
Vehumet
Wu Jian
Xom
Zin
The Shining One

Annotations:
D:5 1 runed door, Gargoyl's ghost, novice CeAK


Innate Abilities, Weirdness & Mutations

You are resistant to torment.
Your stone body is resilient. (AC +7)
You are immune to poison.
You resist negative energy. (rN+)
You are resistant to electric shocks. (rElec)
You can survive without breathing.
You are immune to petrification.
You are immune to rotting.


Message History

Unknown command.
The orc warrior barely misses you. You block the orc warrior's attack.
The orc knight roars a battlecry!
The orcs go into a battle-frenzy!
You hit the orc warrior but do no damage.
The orc warrior hits you with a halberd!
You block the orc warrior's attack. x2
You slash the orc warrior!
The orc warrior is severely wounded.
The orc warrior closely misses you. You block the orc warrior's attack.
You hit the orc warrior.
The orc warrior is severely wounded.
The orc warrior hits you but does no damage.
You block the orc warrior's attack. The orc warrior barely misses you.
You slash the orc warrior!
You kill the orc warrior!
Okawaru accepts your kill.
The orc warrior shoots a bolt.
The bolt closely misses you.
The orc warrior hits you from afar with a halberd!!
You die...

### ##### ##∩##
####
.....##.∩.##....
.≈≈≈..#...#..≈≈≈
≈≈o≈≈.......≈≈o≈
≈.oo≈.o.....≈oo.
≈≈o≈≈.)..o..≈≈o≈
≈≈≈..#@.o#..≈≈≈
....##...##..o.
#### ##∩## ####
###


You could see an orc knight, 9 orc warriors and an orc.

Vanquished Creatures
  Joseph (D:8)
  Grinder (D:4)
  2 hippogriffs
  13 yaks
  A human (D:7)
  2 hogs (D:7)
  A hungry ghost (D:7)
  A water moccasin (D:7)
  3 ice beasts
  A sky beast (D:6)
  3 orc warriors
  A black bear (D:7)
  3 phantoms
  3 centaurs
  5 bullfrogs
  A scorpion (D:6)
  2 howler monkeys (D:5)
  A quasit (D:5)
  5 hounds
  9 orc priests
  2 iguanas
  2 orc wizards
  A gnoll shaman (D:8)
  10 worker ants
  A mummy (D:6)
  Robin (D:2)
  6 gnolls
  8 adders
  2 shadow imps
  An ooze (D:1)
  An adder zombie (D:6)
  2 adder skeletons (D:8)
  2 worms
  5 dart slugs
  8 leopard geckos
  31 orcs
  2 ball pythons
  7 giant cockroaches
  14 goblins
  14 hobgoblins
  5 jackals
  7 bats
  7 frilled lizards
  5 kobolds
  3 kobold zombies (D:6)
  A leopard gecko skeleton (D:5)
  An orc zombie (D:6)
  10 rats
218 creatures vanquished.

Notes
Turn   | Place    | Note
-------+----------+-------------------------------------------
     0 | D:1      | Cykl0x the Gargoyle Fighter began the quest for the Orb.
     0 | D:1      | Reached XP level 1. HP: 14/14 MP: 1/1
     4 | D:1      | Noticed an electric eel
    23 | D:1      | Reached XP level 2. HP: 15/19 MP: 2/2
   320 | D:1      | Reached skill level 2 in Axes
   418 | D:1      | Reached XP level 3. HP: 24/24 MP: 3/3
   446 | D:1      | You fall through a shaft!
   453 | D:2      | Noticed Robin
   468 | D:2      | Killed Robin
   471 | D:2      | Reached XP level 4. HP: 20/29 MP: 4/4
   580 | D:2      | Found a sacrificial altar of Ru.
   580 | D:2      | Found a snail-covered altar of Cheibriados.
  1508 | D:3      | Reached skill level 3 in Axes
  1508 | D:3      | Reached XP level 5. HP: 9/33 MP: 5/5
  1902 | D:3      | Found a sacrificial altar of Ru.
  1988 | D:3      | Reached XP level 6. HP: 24/38 MP: 6/6
  2317 | D:4      | Noticed a phantom
  2336 | D:4      | Killed a phantom
  2336 | D:4      | Reached skill level 4 in Axes
  2357 | D:4      | Noticed a phantom
  2420 | D:4      | Killed a phantom
  2420 | D:4      | Reached XP level 7. HP: 44/44 MP: 7/7
  2954 | D:4      | Reached skill level 5 in Axes
  3238 | D:4      | Noticed Grinder
  3247 | D:4      | Killed Grinder
  3247 | D:4      | Reached skill level 5 in Shields
  3287 | D:5      | Entered Level 5 of the Dungeon
  3301 | D:5      | Found a staircase to the Ecumenical Temple.
  3310 | Temple   | Entered the Ecumenical Temple
  3465 | Temple   | Became a worshipper of Warmaster Okawaru
  3633 | D:5      | Reached skill level 5 in Fighting
  3640 | D:5      | Reached XP level 8. HP: 49/49 MP: 8/8
  3655 | D:5      | Reached skill level 5 in Armour
  3796 | D:5      | Reached skill level 1 in Dodging
  3830 | D:5      | Reached skill level 6 in Axes
  3969 | D:5      | Reached * piety under Okawaru
  4101 | D:5      | Found a runed door.
  4104 | D:5      | Noticed Gargoyl's ghost (novice CeAK)
  4508 | D:6      | Reached skill level 1 in Stealth
  4546 | D:6      | Found a hazy altar of Hepliaklqana.
  4633 | D:6      | Found a blossoming altar of Fedhas.
  4694 | D:6      | Reached ** piety under Okawaru
  4716 | D:6      | Reached skill level 7 in Axes
  4716 | D:6      | Reached XP level 9. HP: 13/55 MP: 9/9
  5524 | D:7      | Reached *** piety under Okawaru
  5524 | D:7      | Reached skill level 8 in Axes
  5529 | D:7      | Received a gift from Okawaru
  5592 | D:7      | Reached skill level 1 in Throwing
  5695 | D:7      | Reached XP level 10. HP: 59/61 MP: 10/10
  5712 | D:7      | Reached skill level 9 in Axes
  5903 | D:8      | Found a radiant altar of Vehumet.
  6146 | D:8      | Reached **** piety under Okawaru
  6197 | D:8      | Found a stormy altar of Qazlal.
  6203 | D:8      | Noticed Joseph
  6214 | D:8      | Killed Joseph
  6269 | D:8      | Found a shimmering altar of Xom.
  6914 | D:9      | Reached skill level 10 in Axes
  6928 | D:9      | Reached ***** piety under Okawaru
  6979 | D:9      | Found a flagged portal.
  6989 | Bailey   | Entered a bailey
  6990 | Bailey   | Noticed an orc knight
  7000 | Bailey   | Slain by an orc warrior

Skill      XL: |  1  2  3  4  5  6  7  8  9 10 |
---------------+-------------------------------+-----
Axes           | 2 3 4 5 7 8 10 | 10.2
Fighting       | 4 5 6 8 |  8.2
Shields        | 4 5 7 8 |  8.4
Armour         | 4 5 6 7 |  7.2
Dodging        | 1 |  1.2
Stealth        | 1 |  1.1
Throwing       | 1 |  1.9

Action                   |  1- 3 |  4- 6 |  7- 9 | 10-12 || total
-------------------------+-------+-------+-------+-------++-------
Melee: War axe           |    91 |   157 |   334 |   162 ||   744
Throw: Stone             |       |     5 |       |       ||     5
       Tomahawk          |       |     1 |     6 |     8 ||    15
  Use: Scroll            |     2 |     9 |     8 |     5 ||    24
  Eat: Chunk             |       |     5 |     9 |     2 ||    16
       Ration            |       |       |     1 |     1 ||     2
Armor: Scale mail        |    66 |    63 |       |       ||   129
       Chain mail        |       |    40 |    11 |       ||    51
       Plate armour      |       |       |   236 |    88 ||   324
Dodge: Dodged            |    35 |    60 |    75 |    38 ||   208
Block: Shield            |    69 |    79 |   204 |    86 ||   438
